 Dungeon Crawl Stone Soup version 0.16-a0-2898-gc475c69 (webtiles) character file.

344 Ololoev the Chopper (level 6, 0/82 HPs)
             Began as a Deep Dwarf Berserker on Dec 1, 2014.
             Was a Believer of Trog.
             Slain by a gnoll
             ... wielding a +0 halberd
              (7 damage)
             ... on level 6 of the Dungeon.
             The game lasted 00:07:53 (1042 turns).

Ololoev the Chopper (Deep Dwarf Berserker)          Turns: 1042, Time: 00:07:53

Health: 0/82       AC:  5    Str: 27    XL:     6   Next: 31%
Magic:  9/10       EV: 12    Int:  8    God:    Trog [**....]
Gold:   112        SH:  0    Dex: 12    Spells: 0 memorised, 5 levels left

rFire  . . .     SeeInvis .     a - +0 hand axe
rCold  . . .     Clarity  .     s - +2 robe of the Centipede {+Inv}
rNeg   . . .     SustAb   .     (no shield)
rPois  .         Gourm    .     o - +0 helmet
rElec  .         Spirit   .     (no cloak)
rCorr  .         Warding  .     (no gloves)
rMut   .         Stasis   .     (no boots)
MR     .....                    (no amulet)
Stlth  ..........               (no ring)
                                (no ring)

@: berserking (expiring), very slightly contaminated, non-regenerating,
invisible (expiring), very quick, not resistant to hostile enchantments,
extremely unstealthy
A: damage resistance, recharge devices, sense surroundings 1, slow healing 3
a: Device Recharging, Burn Spellbooks, Berserk, Trog's Hand, Renounce Religion,
Turn Visible


You were on level 6 of the Dungeon.
You worshipped Trog.
Trog was pleased with you.
You were hungry.

You visited 1 branch of the dungeon, and saw 6 of its levels.

You collected 112 gold pieces.

Notes
Turn   | Place    | Note
--------------------------------------------------------------
     0 | D:1      | Ololoev, the Deep Dwarf Berserker, began the quest for the Orb.
     0 | D:1      | Reached XP level 1. HP: 20/20 MP: 1/1
   182 | D:2      | Reached skill level 4 in Axes
   182 | D:2      | Reached XP level 2. HP: 21/27 MP: 2/2
   283 | D:2      | Found a sparkling altar of Nemelex Xobeh.
   283 | D:2      | Noticed Jessica
   292 | D:2      | Killed Jessica
   292 | D:2      | Reached XP level 3. HP: 19/33 MP: 3/3
   343 | D:2      | Acquired Trog's second power
   438 | D:3      | Reached skill level 5 in Axes
   614 | D:4      | Reached XP level 4. HP: 21/40 MP: 4/4
   674 | D:4      | Found an ancient bone altar of Kikubaaqudgha.
   678 | D:4      | Found a sacrificial altar of Ru.
   680 | D:4      | Found a bloodstained altar of Trog.
   715 | D:5      | Entered Level 5 of the Dungeon
   761 | D:5      | Reached skill level 6 in Axes
   816 | D:5      | Got a dull robe
   827 | D:5      | Identified the +2 robe of the Centipede {+Inv} (You found it on level 5 of the Dungeon)
   857 | D:5      | Reached skill level 1 in Evocations
   857 | D:5      | Reached XP level 5. HP: 31/46 MP: 6/6
   880 | D:5      | Noticed a sky beast
   913 | D:5      | HP: 3/69 [something (5)]
   915 | D:5      | Killed a sky beast
   915 | D:5      | Reached XP level 6. HP: 3/55 MP: 6/9
  1002 | D:6      | Reached skill level 7 in Axes
  1042 | D:6      | Slain by a gnoll

Inventory:

Hand weapons
 a - a +0 hand axe (weapon)
Armour
 o - a +0 helmet (worn)
 s - the +2 robe of the Centipede (worn) {+Inv}
   (You found it on level 5 of the Dungeon)

   It lets you turn invisible.
Magical devices
 c - a wand of heal wounds (3)
 l - a wand of random effects (22)
Scrolls
 h - 4 scrolls of identify {unknown}
 i - a scroll of immolation {unknown}
 q - a scroll of enchant weapon {unknown}
 r - a scroll of fog {unknown}
Potions
 b - 3 potions of degeneration {unknown}
 e - a potion of magic {unknown}
 f - 2 potions of curing {unknown}
 m - a potion of mutation {unknown}
 p - 2 potions of might {unknown}
Comestibles
 d - 4 bread rations
 g - 2 slices of pizza
 k - 2 meat rations

Table legend:
 A = Turns spent in this place as a percentage of turns spent in the entire game.
 B = Non-inter-level travel turns spent in this place as a percentage of non-inter-level travel turns spent in the entire game.
 C = Inter-level travel turns spent in this place as a percentage of turns spent in this place.
 D = Turns resting spent in this place as a percentage of non-inter-level travel turns spent in this place.
 E = Turns spent auto-exploring this place as a percentage of non-inter-level travel turns spent in this place.
 F = Non-inter-level travel turns spent in this place divided by the number of levels of this place that you've seen.
                   A       B       C       D       E      F
               +-------+-------+-------+-------+-------+----------------------
         Total | 100.0 | 100.0 |   0.7 |   1.1 |   0.0 | 146.7
       Dungeon | 100.0 | 100.0 |   0.7 |   1.1 |   0.0 | 146.7
               +-------+-------+-------+-------+-------+----------------------


   Skills:
 - Level 2.6 Fighting
 + Level 7.0 Axes
 - Level 2.1 Armour
 - Level 2.1 Dodging
 + Level 4.2 Evocations


You had 5 spell levels left.
You didn't know any spells.

Dungeon Overview and Level Annotations

Branches:
Dungeon (6/15)
 Temple: D:4-7

Altars:
Kikubaaqudgha
Nemelex Xobeh
Ru
Trog


Innate Abilities, Weirdness & Mutations

You are resistant to damage.
You can recharge devices by infusing magical energy.
You passively map a small area around you.
You do not heal naturally.


Message History

You closely miss the gnoll.
The gnoll is lightly wounded.
The gnoll hits you with a spear. The gnoll closely misses you.
You catch the helpless gnoll completely off-guard!
You hit the gnoll.
The gnoll is heavily wounded.
The gnoll barely misses you. The gnoll closely misses you.
You barely miss the gnoll.
The gnoll is heavily wounded.
The gnoll barely misses you.
The gnoll hits you from afar with a halberd!
You barely miss the gnoll.
The gnoll is heavily wounded.
The gnoll misses you.
You hit the gnoll but do no damage.
The gnoll is heavily wounded.
The gnoll barely misses you. x2
Use which ability? (? or * to list)
A red film seems to cover your vision as you go berserk!
You feel yourself moving faster!
You feel mighty!
You feel somewhat more hungry. The gnoll misses you.
The gnoll closely misses you.
You barely miss the gnoll.
The gnoll is heavily wounded.
You hit the gnoll.
The gnoll is almost dead.
The gnoll hits you with a spear! The gnoll closely misses you.
You closely miss the gnoll.
The gnoll is almost dead.
You flicker for a moment.
The gnoll hits you with a spear. The gnoll barely misses you.
You hit the gnoll.
You kill the gnoll!
Trog accepts your kill. 2 gnolls come into view.
The gnoll shouts! x2
You closely miss the gnoll.
The gnoll shouts!
The gnoll hits you with a halberd!
You die...

... ............# , ,
...............>.....
......................
.....?................. ,
...g................<...
,
...........[..).........
..?.....................
,
..g....g.................
#.....@................
,#.....).>..............
........................
...#...................#
, *
................(.....###
##................#### ,,
, ##.............###.#
#..............# ,.. , ,
#..............##


You could see 3 gnolls.

Table legend:
 A = Kills in this place as a percentage of kills in entire the game.
 B = Kills by you in this place as a percentage of kills by you in the entire game.
 C = Kills by friends in this place as a percentage of kills by friends in the entire game.
 D = Other kills in this place as a percentage of other kills in the entire game.
 E = Experience gained in this place as a percentage of experience gained in the entire game.
 F = Experience gained in this place divided by the number of levels of this place that you have seen.
                   A       B       C       D       E      F
               +-------+-------+-------+-------+-------+----------------------
         Total | 100.0 | 100.0 |  -nan |  -nan | 100.0 |  82.0
       Dungeon | 100.0 | 100.0 |  -nan |  -nan | 100.0 |  82.0
               +-------+-------+-------+-------+-------+----------------------

Vanquished Creatures
  A sky beast (D:5)
  A crimson imp (D:6)
  An orc priest (D:5)
  2 hounds (D:5)
  A centaur skeleton (D:4)
  Jessica (D:2)
  A gnoll (D:6)
  3 adders
  An adder skeleton (D:5)
  2 orcs (D:5)
  A ball python (D:4)
  A bat skeleton (D:4)
  4 hobgoblins
  6 kobolds
  5 bats
  4 giant newts
  4 goblins
  2 jackals (D:4)
  A quokka (D:3)
  A rat (D:5)
43 creatures vanquished.

Action                   |  1- 3 |  4- 6 || total
-------------------------+-------+-------++-------
Melee: Hand axe          |    72 |    84 ||   156
Invok: Berserk           |       |     4 ||     4
       Trog's Hand       |       |     3 ||     3
 Abil: Evoke Invisibilit |       |     1 ||     1
Evoke: Wand              |       |     2 ||     2
 Stab: Invisible         |       |     2 ||     2
  Eat: Beef jerky        |       |     1 ||     1
       Chunk             |       |     1 ||     1
       Pizza             |       |     1 ||     1

Vault maps used:
D:1:      tarquinn_simple_flora_water_e, minmay_tree_intersection
D:2:      nemelex_lonely_heart_becter
D:3:      kennysheep_generic_room_12
D:4:      grunt_temple_overflow_diamond, kennysheep_small_circle
D:5:      first_bread, minmay_misc_feat_pillars
D:6:      serial_shops, shop, kennysheep_generic_room_9
